 Dungeon Crawl Stone Soup version 0.20-a0-870-g4070442 (console) character file.

315 hittembot the Chopper (level 6, 0/42 HPs)
             Began as a Halfling Fighter on Mar 13, 2017.
             Slain by a gnoll
             ... wielding a +0 spear
              (6 damage)
             ... on level 3 of the Dungeon.
             The game lasted 00:02:50 (3010 turns).

hittembot the Chopper (Halfling Fighter)            Turns: 3010, Time: 00:02:51

Health: 0/42       AC:  7    Str: 18    XL:     6   Next: 72%
Magic:  6/6        EV: 10    Int:  6    God:
Gold:   189        SH: 10    Dex: 15    Spells: 5/5 levels left

rFire    . . .     SeeInvis .   a - +0 war axe
rCold    . . .     Gourm    .   b - +0 scale mail
rNeg     . . .     Faith    .   c - +0 shield
rPois    .         Spirit   .   (no helmet)
rElec    .         Reflect  .   (no cloak)
rCorr    .         Harm     .   (no gloves)
MR       .....                  (no boots)
Stlth    ..........             (no amulet)
Regen    0.2/turn               (no ring)
MPRegen  0.1/turn               (no ring)

@: no status effects
A: mutation resistance 1
a: no special abilities


You were on level 3 of the Dungeon.
You were not hungry.

You visited 1 branch of the dungeon, and saw 3 of its levels.

You collected 189 gold pieces.

Inventory:

Hand Weapons
 a - a +0 war axe (weapon)
Armour
 b - a +0 scale mail (worn)
 c - a +0 shield (worn)
Jewellery
 e - an uncursed amulet of guardian spirit {unknown}
 k - a +3 ring of dexterity {unknown}
 l - an uncursed ring of protection from cold {unknown}
 n - an uncursed amulet of regeneration {unknown}
 p - an uncursed amulet of rage {unknown}
 s - an uncursed ring of protection from fire {unknown}
Scrolls
 i - 2 scrolls of identify {unknown}
 j - 4 scrolls of magic mapping {unknown}
 r - a scroll of random uselessness {unknown}
 t - a scroll of fog {unknown}
 v - 2 scrolls of remove curse {unknown}
 w - a scroll of teleportation {unknown}
 x - a scroll of amnesia {unknown}
Potions
 d - a potion of might
 g - 2 potions of brilliance {unknown}
 h - a potion of lignification {unknown}
 o - a potion of ambrosia {unknown}
 q - a potion of heal wounds {unknown}
Comestibles
 f - a bread ration
 m - a meat ration
 u - 7 chunks of flesh


   Skills:
 + Level 3.5 Fighting
 + Level 4.6 Axes
 + Level 4.0 Armour
 + Level 1.5 Dodging
 + Level 4.5 Shields


You had 5 spell levels left.
You didn't know any spells.

Dungeon Overview and Level Annotations

Branches:
Dungeon (3/15)

Altars:
Nemelex Xobeh
Qazlal


Innate Abilities, Weirdness & Mutations

You are small and have problems with some larger weapons.
You are somewhat resistant to further mutation.


Message History

The gnoll hits you with a halberd.
The gnoll hits you from afar with a spear!
You closely miss the gnoll.
The gnoll is severely wounded.
You block the gnoll's attack. The gnoll barely misses you.
You block the gnoll's attack. The gnoll hits you with a halberd.
* * * LOW HITPOINT WARNING * * *
You closely miss the gnoll.
The gnoll is severely wounded.
You block the gnoll's attack. The gnoll barely misses you.
You slash the gnoll!
You kill the gnoll!
The gnoll barely misses you. You block the gnoll's attack.
The gnoll hits you but does no damage. The gnoll hits you with a spear.
* * * LOW HITPOINT WARNING * * *
Things that are here:
a halberd; a gnoll corpse You barely miss the gnoll.
You block the gnoll's attack. The gnoll hits you with a spear.
You die...

#.# #.# ... #.# #g#
#g# #g# #@# #.# #
#.# # #.# # #.# #
#.# # #.#
############
#.#####........รท..
#.).[........#####


You could see 3 gnolls.

Vanquished Creatures
  An orc priest (D:3)
  Jessica (D:3)
  Ijyb (D:2)
  Natasha (thrice) (D:2)
  2 adders
  4 gnolls (D:3)
  2 oozes
  4 worms (D:2)
  5 dart slugs (D:1)
  2 leopard geckos
  2 orcs (D:3)
  10 bats
  4 giant cockroaches
  4 goblins
  6 hobgoblins
  3 jackals (D:2)
  2 quokkas
  A ball python (D:3)
  6 frilled lizards
  7 kobolds
  9 rats
79 creatures vanquished.

Notes
Turn   | Place    | Note
-------+----------+-------------------------------------------
     0 | D:1      | hittembot the Halfling Fighter began the quest for the Orb.
     0 | D:1      | Reached XP level 1. HP: 15/15 MP: 1/1
   101 | D:1      | Reached XP level 2. HP: 13/20 MP: 2/2
   744 | D:1      | Reached XP level 3. HP: 25/25 MP: 3/3
  1359 | D:2      | Noticed Natasha
  1366 | D:2      | Killed Natasha
  1366 | D:2      | Reached XP level 4. HP: 23/31 MP: 4/4
  1413 | D:2      | Noticed Natasha
  1421 | D:2      | Killed Natasha
  1436 | D:2      | Noticed Natasha
  1440 | D:2      | Killed Natasha
  1440 | D:2      | Reached skill level 1 in Dodging
  1440 | D:2      | Reached XP level 5. HP: 24/36 MP: 5/5
  2012 | D:2      | Noticed Ijyb
  2021 | D:2      | Killed Ijyb
  2338 | D:2      | Found a stormy altar of Qazlal.
  2383 | D:2      | Reached XP level 6. HP: 39/42 MP: 6/6
  2862 | D:3      | Noticed Jessica
  2869 | D:3      | Killed Jessica
  2885 | D:3      | Found a sparkling altar of Nemelex Xobeh.
  3010 | D:3      | Slain by a gnoll

Vault maps used:
D:1:      minmay_arrival_up_and_down, minmay_misc_feat_room
D:2:      grunt_qazlal_clouds, minmay_split_cup_large, uniq_natasha, uniq_iyjb
D:3:      nemelex_xobeh_ov_fountains_minmay, lightli_temple_of_fire,
          lemuel_round_altar, portal_sewer_entry_f, uniq_jessica

Skill      XL: |  1  2  3  4  5  6 |
---------------+-------------------+-----
Fighting       | 3 |  3.5
Axes           | 3 4 |  4.6
Dodging        | 1 |  1.5
Shields        | 4 |  4.5
Armour         | 4 |  4.0

Action                   |  1- 3 |  4- 6 || total
-------------------------+-------+-------++-------
Melee: War axe           |    92 |   171 ||   263
  Eat: Chunk             |     1 |     6 ||     7
Armor: Scale mail        |    44 |    50 ||    94
Dodge: Dodged            |    46 |    58 ||   104
Block: Shield            |    48 |   100 ||   148
